 Dungeon Crawl Stone Soup version 0.30-a0-691-g754fce4c43 (webtiles) character file.

Game seed: 4537615581043787193

263 bmack86 the Chopper (level 5, -3/47 HPs)
             Began as a Minotaur Fighter on Jan 19, 2023.
             Killed from afar by a white imp (9 damage)
             ... with a puff of frost
             ... on level 5 of the Dungeon.
             The game lasted 00:07:51 (2781 turns).

bmack86 the Chopper (Minotaur Fighter)              Turns: 2781, Time: 00:07:52

Health: -3/47      AC:  9    Str: 23    XL:     5   Next: 98%
Magic:  4/4        EV: 12    Int:  5    God:
Gold:   165        SH:  4    Dex:  9    Spells: 4/4 levels left

rFire   . . .      SeeInvis .    a - +1 war axe
rCold   . . .      Faith    .    c - +0 buckler
rNeg    . . .      Spirit   .    t - +0 chain mail
rPois   .          Reflect  .    (helmet restricted)
rElec   .          Harm     .    (no cloak)
rCorr   .          Rampage  .    (no gloves)
Will    .....                    (no boots) Stlth
                                 g - amulet of magic regeneration
HPRegen 0.27/turn                q - +5 ring of evasion
MPRegen 0.49/turn                k - ring of wizardry

@: no status effects
A: horns 2, retaliatory headbutt
a: no special abilities


You were on level 5 of the Dungeon.
You visited 1 branch of the dungeon, and saw 5 of its levels.

You collected 165 gold pieces.

Inventory:

Hand Weapons
 a - a +1 war axe (weapon)
Missiles
 h - 11 poisoned darts
 o - 3 boomerangs (quivered)
 s - 5 javelins
Armour
 b - a +0 scale mail
 c - a +0 buckler (worn)
 t - a +0 chain mail (worn)
Jewellery
 g - an amulet of magic regeneration (around neck)
 k - a ring of wizardry (right hand)
 q - a +5 ring of evasion (left hand)
Scrolls
 i - a scroll of enchant armour
 j - 2 scrolls of fog
 l - a scroll of enchant weapon
 p - a scroll of vulnerability {unknown}
Potions
 d - 2 potions of might
 e - a potion of magic
 f - 5 potions of curing
 m - a potion of heal wounds
 n - a potion of brilliance
 u - a potion of attraction


   Skills:
 + Level 4.6 Fighting
 * Level 4.8 Axes
 + Level 2.1 Throwing
 + Level 4.6 Armour
 + Level 4.6 Shields


You had 4 spell levels left.
You didn't know any spells.
Your spell library contained the following spells:

 Spells                   Type           Power      Damage    Failure   Level
 Kiss of Death            Conj/Necr      0%         2d5       87%         1
 Magic Dart               Conj           0%         1d3       87%         1
 Call Imp                 Summ           0%         N/A       95%         2
 Confusing Touch          Hex            0%         N/A       99%         3
 Ignite Poison            Fire/Tmut/Pois 0%         N/A       99%         3
 Kindle Blastsparks       Fire/Tloc/Air  0%         2d10      99%         3
 Mephitic Cloud           Conj/Pois/Air  0%         N/A       99%         3
 Dispel Undead            Necr           0%         3d6       100%        4
 Sticky Flame             Conj/Fire      0%         2d3       100%        4
 Freezing Cloud           Conj/Ice/Air   0%         6-21      100%        5
 Ignition                 Fire           0%         3d3       100%        8


Dungeon Overview and Level Annotations

Branches:
Dungeon (5/15)
 Temple: D:4-7

Altars:
Ashenzari
Elyvilon
Nemelex Xobeh
Ru
Wu Jian


Innate Abilities, Weirdness & Mutations

You have a pair of horns on your head.
You reflexively headbutt those who attack you in melee.


Message History

You barely miss the orc. You barely miss the white imp.
You closely miss the orc. You barely miss the orc. The white imp hits you.
The white imp freezes you. The orc hits you with a +0 mace.
The orc hits you with a +0 trident.
The orc wizard hits you but does no damage.
The orc hits you but does no damage.
You slash the orc wizard!
You kill the orc wizard!
You completely miss the orc. You hit the orc. You closely miss the orc.
You hit the white imp but do no damage.
The white imp hits you but does no damage.
The orc barely misses you. You furiously retaliate!
You headbutt the orc!
You kill the orc!
You block the orc's attack. The orc barely misses you.
A phantom comes into view.
The orc attacks as you move away! The orc misses you. You furiously retaliate!
You headbutt the orc. The white imp misses you. You block the orc's attack.
Things that are here:
a +0 dagger; a +0 robe You slash the orc!
You kill the orc!
You hit the white imp. You closely miss the orc. The white imp gestures at you.
The puff of frost hits you! The orc hits you with a +0 trident!
* * * LOW HITPOINT WARNING * * *
You block the orc's attack. The white imp gestures at you.
The puff of frost hits you.
* * * LOW HITPOINT WARNING * * *
The white imp gestures at you.
The puff of frost hits you but does no damage.
The iguana closely misses you. You block the orc's attack.
Things that are here:
a +0 dagger; an orc corpse You block the white imp's attack.
The orc hits you from afar with a +0 trident.
* * * LOW HITPOINT WARNING * * *
The white imp gestures at you. The puff of frost hits you!
You die...

...........#
..........#
#...[.....#
###........##
...........#
#.........# #
##.W)......#
#...#...l).....#
#...@5o.....#
#...##.......##
.... ##.....##
... ####### .. .


You could see a phantom, an iguana, a white imp and an orc.

Vanquished Creatures
  3 orc wizards
  An iguana (D:4)
  3 adders
  3 gnolls (D:4)
  4 worms
  8 dart slugs
  9 orcs
  9 endoplasms
  2 giant cockroaches
  4 goblins (D:1)
  3 hobgoblins
  4 jackals (D:1)
  6 kobolds
  3 quokkas
  4 ball pythons
  3 bats (D:1)
  3 frilled lizards
  4 rats (D:1)
76 creatures vanquished.

Vanquished Creatures (others)
  A kobold (D:3)
1 creature vanquished.

Grand Total: 77 creatures vanquished

Notes
Turn   | Place    | Note
-------+----------+-------------------------------------------
     0 | D:1      | bmack86 the Minotaur Fighter began the quest for the Orb.
     0 | D:1      | Reached XP level 1. HP: 19/19 MP: 0/0
   206 | D:1      | Reached XP level 2. HP: 27/27 MP: 1/1
   558 | D:1      | Reached XP level 3. HP: 33/33 MP: 2/2
   914 | D:2      | Reached skill level 1 in Throwing
  1181 | D:2      | Reached XP level 4. HP: 33/40 MP: 3/3
  1554 | D:3      | Found a white marble altar of Elyvilon.
  2043 | D:4      | Reached XP level 5. HP: 46/46 MP: 4/4
  2079 | D:4      | Found a broken altar of Ashenzari.
  2189 | D:4      | Found an ornate altar of the Wu Jian Council.
  2304 | D:4      | Found a sacrificial altar of Ru.
  2597 | D:4      | Found a sparkling altar of Nemelex Xobeh.
  2771 | D:5      | Entered Level 5 of the Dungeon
  2776 | D:5      | Noticed a phantom
  2781 | D:5      | Killed from afar by a white imp

Illustrated notes

Levels and vault maps discovered:
D:1:      minmay_arrival_jagged, layout_loops_ring
D:2:      layout_rooms
D:3:      layout_loops_ring, elyvilon_altar_4
D:4:      layout_rooms, lemuel_round_altar, nicolae_ru_sacrificial_ziggurat,
          nemelex_dance_club_becter, lemuel_coloured_pillars_altar
D:5:      layout_rooms, nicolae_tso_carved_into_rock,
          mainiacjoe_overflow_six_doors_small

Skill      XL: |  1  2  3  4  5 |
---------------+----------------+-----
Axes           | 3 4 |  4.8
Fighting       | 4 |  4.6
Throwing       | 1 2 |  2.1
Armour         | 4 |  4.6
Shields        | 4 |  4.6

Action                   |  1- 3 |  4- 6 || total
-------------------------+-------+-------++-------
Melee: War axe           |    69 |    60 ||   129
       Headbutt          |     7 |     9 ||    16
Throw: Dart              |     7 |       ||     7
       Boomerang         |     4 |     5 ||     9
  Use: Scroll            |     2 |     8 ||    10
Armor: Scale mail        |    34 |    16 ||    50
       Chain mail        |       |    13 ||    13
Dodge: Dodged            |    34 |    48 ||    82
Block: Buckler           |    23 |    18 ||    41

Table legend: (Time is in decaauts)
 A = Elapsed time spent in this place.
 B = Non-inter-level travel time spent in this place.
 C = Inter-level travel time spent in this place.
 D = Time resting spent in this place.
 E = Time spent auto-exploring this place.
 F = Levels seen in this place.
 G = Mean time per level.
                   A        B        C        D        E       F      G
               +--------+--------+--------+--------+--------+-----+--------+
         Total |   2832 |   2745 |     87 |    156 |   1612 |   5 |  566.4 |
       Dungeon |   2832 |   2745 |     87 |    156 |   1612 |   5 |  566.4 |
               +--------+--------+--------+--------+--------+-----+--------+

Top non-repeatable levels by time:
     D:1: 905 daAuts
     D:4: 829 daAuts
     D:3: 652 daAuts
     D:2: 433 daAuts
     D:5: 11 daAuts
